 Dungeon Crawl Stone Soup version 0.31.0-12-g77e489cdc1 (webtiles) character file.

Game seed: 1776820921383649835

142 Killerpretzel the Changeling (level 5, -3/34 HPs)
             Began as an Octopode Shapeshifter on Mar 6, 2024.
             Splashed by a jelly's acid (11 damage)
             ... on level 4 of the Dungeon.
             The game lasted 00:02:11 (2386 turns).

Killerpretzel the Changeling (OpSh)                 Turns: 2386, Time: 00:02:12

Health: -3/34      AC: -7    Str: 13    XL:     5   Next: 25%
Magic:  5/5        EV: 14    Int: 12    God:
Gold:   125        SH:  0    Dex: 14    Spells: 4/4 levels left

rFire   . .          .
                       - Unarmed
rCold   . . .        (no shield)
rNeg    . . .        (helmet currently unavailable)
rPois   .            (no amulet)
rElec   .            (no ring)
rCorr   .            (no ring)
SInv    .            (no ring)
Will    .....        (no ring)
Stlth   ++           (no ring)
HPRegen 0.25/turn    (no ring)
MPRegen 0.09/turn    (no ring)
                     (no ring)

%: no passive effects
@: beast-form, weak-willed, corroded
A: beast (slay +2), almost no armour, amphibious, 8 rings, camouflage 1,
gelatinous body 1, (nimble swimmer 1), tentacles
a: Begin Untransformation


You were on level 4 of the Dungeon.
You were a hulking beast.
You visited 1 branch of the dungeon, and saw 4 of its levels.

You collected 125 gold pieces.

Inventory:

Missiles
 o - 3 boomerangs (quivered)
Talismans
 b - a beast talisman
 c - a flux talisman
Wands
 e - a wand of roots (9)
 m - a wand of charming (7)
Scrolls
 g - a scroll of enchant weapon
 k - a scroll of immolation
Potions
 a - 2 potions of lignification
 d - 2 potions of attraction {unknown}
 f - a potion of degeneration
 h - a potion of mutation
 i - 2 potions of curing {unknown}
 j - a potion of brilliance {unknown}


   Skills:
 + Level 2.2 Fighting
 + Level 2.9 Dodging
 + Level 3.6 Unarmed Combat
 * Level 4.1 Shapeshifting


You had 4 spell levels left.
You didn't know any spells.
Your spell library contained the following spells:

 Spells                   Type           Power      Damage    Failure   Level
 Lesser Beckoning         Tloc           0%         N/A       45%         2
 Gell's Gravitas          Tloc           0%         N/A       69%         3
 Teleport Other           Tloc           0%         N/A       69%         3


Dungeon Overview and Level Annotations

Branches:
Dungeon (4/15)
 Temple: D:4-7

Altars:
Dithmenos
Fedhas
Gozag
Makhleb
Nemelex Xobeh
Ru
Sif Muna
Uskayaw
The Shining One


Innate Abilities, Weirdness & Mutations

You are a hulking beast.
Your limbs bulge with bestial killing power. (Slay +2)
You cannot wear most types of armour.
You are amphibious.
You can wear up to eight rings at the same time.
Your skin changes colour to match your surroundings (Stealth+).
Your rubbery body absorbs attacks. (AC +1, EV +1)
((You are camouflaged when in or above water. (Stealth+)))
You have tentacles for arms and can constrict up to eight enemies at once.


Message History

No target in view!
No target in view!
No target in view!
No target in view!
No target in view!
No target in view!
No target in view!
No target in view!
No target in view!
Done exploring.
Search for what [Enter for "."]? .
As you read the scroll labelled LIVVIE EPUU, it crumbles to dust.
A wave of despondency washes over your surroundings.
It was a scroll of vulnerability.
As you read the scroll labelled DIEP QUSEBOL, it crumbles to dust.
It is a scroll of brand weapon.
You aren't carrying any weapons that can be branded.
There is a stone staircase leading down here.
You climb downwards.
There is a stone staircase leading up here.
A jelly is nearby!
A jelly is nearby!
The helpless jelly fails to defend itself.
You tentacle-slap the jelly. The acid corrodes you!
Your tentacles burn!
The jelly is lightly wounded.
You tentacle-slap the jelly but do no damage.
Your tentacles burn!
The jelly is lightly wounded.
The jelly closely misses you.
You tentacle-slap the jelly.
Your tentacles burn!
The jelly is moderately wounded.
The jelly hits you. The acid corrodes you!
You are splashed with acid!
You tentacle-slap the jelly.
Your tentacles burn!
The jelly is moderately wounded.
The jelly hits you.
You are splashed with acid!
There is a stone staircase leading up here.
The jelly hits you.
* * * LOW HITPOINT WARNING * * *
You are splashed with acid!
You die...

#########
#.......#
#.......#
#..hJ...#
#.......#
#.......#
#.......#
#######...
.... ....
..


You could see a jelly.

Vanquished Creatures
  A bombardier beetle (D:3)
  Ijyb (D:3)
  An adder (D:2)
  A dart slug (D:2)
  9 ball pythons
  7 bats
  5 endoplasms
  4 giant cockroaches
  5 goblins
  5 hobgoblins
  8 jackals
  4 quokkas
  4 frilled lizards
  5 kobolds
  3 rats
63 creatures vanquished.

Notes
Turn   | Place    | Note
-------+----------+-------------------------------------------
     0 | D:1      | Killerpretzel the Octopode Shapeshifter began the quest for
                  | the Orb.
     0 | D:1      | Reached XP level 1. HP: 13/13 MP: 1/1
   132 | D:1      | Reached XP level 2. HP: 18/18 MP: 2/2
   523 | D:1      | Reached XP level 3. HP: 22/23 MP: 3/3
   803 | D:2      | You fall into a shaft and drop 1 floor!
   827 | D:3      | Found a blossoming altar of Fedhas.
   887 | D:3      | Noticed Ijyb
   896 | D:3      | Killed Ijyb
   897 | D:3      | Reached XP level 4. HP: 7/29 MP: 4/4
  1058 | D:3      | Found a hide-covered altar of Uskayaw.
  1315 | D:2      | Found a faded altar of an unknown god.
  1704 | D:3      | Reached skill level 4 in Shapeshifting
  1704 | D:3      | Reached XP level 5. HP: 34/34 MP: 5/5
  2048 | D:3      | Found a sparkling altar of Nemelex Xobeh.
  2054 | D:3      | Found a shadowy altar of Dithmenos.
  2055 | D:3      | Found a shimmering blue altar of Sif Muna.
  2055 | D:3      | Found an opulent altar of Gozag.
  2055 | D:3      | Found a burning altar of Makhleb.
  2056 | D:3      | Found a glowing golden altar of the Shining One.
  2059 | D:3      | Found a sacrificial altar of Ru.
  2386 | D:4      | Splashed by a jelly's acid

Illustrated notes

Levels and vault maps discovered:
D:1:      dpeg_arrival_erosion, layout_loops_ring
D:2:      layout_basic, hellmonk_ecumenical_altar_blasted
D:3:      layout_basic, lemuel_doored_altar, minitemple,
          minmay_misc_feat_hallway, nicolae_kite_square_tiling_tiny, uniq_ijyb
D:4:      layout_gridville, uniq_eustachio

Skill      XL: |  1  2  3  4 |
---------------+-------------+-----
Fighting       | 2 |  2.2
Shapeshifting  | 4 |  4.1
Dodging        | |  2.9
Unarmed Combat | |  3.6

Action                     |  1- 3 |  4- 6 || total
---------------------------+-------+-------++-------
  Melee: Unarmed           |    69 |    50 ||   119
         Constrict         |    14 |    16 ||    30
         Tentacles         |     8 |     6 ||    14
         Punch             |     2 |       ||     2
    Use: Scroll            |     4 |     3 ||     7
   Stab: Sleeping          |     3 |     7 ||    10
 Armour: Skin              |    26 |    26 ||    52
  Dodge: Dodged            |    39 |    34 ||    73
